 Dungeon Crawl Stone Soup version 0.19-a0-291-ga637243 (webtiles) character file.

583 namelastname112 the Sneak (level 7, -1/46 HPs)
             Began as a Halfling Assassin on May 27, 2016.
             Was a Follower of Ukayaw.
             Slain by an iguana (12 damage)
             ... on level 4 of the Dungeon.
             The game lasted 00:05:34 (3540 turns).

namelastname112 the Sneak (Halfling Assassin)       Turns: 3540, Time: 00:05:35

Health: -1/46      AC:  7    Str: 11    XL:     7   Next: 64%
Magic:  8/8        EV: 15    Int: 10    God:    Ukayaw [*.....]
Gold:   239        SH:  0    Dex: 18    Spells: 1 memorised, 5 levels left

rFire  + . .     SeeInvis .     b - +0 blowgun
rCold  . . .     Gourm    .     t - +0 leather armour {rF+}
rNeg   . . .     Faith    .     (shield restricted)
rPois  .         Spirit   .     z - +2 helmet
rElec  .         Dismiss  .     d - +0 cloak
rCorr  .         Reflect  .     (no gloves)
SustAt .         Harm     .     (no boots)
MR     .....                    (no amulet)
Stlth  +++.......               (no ring)
                                y - ring of flight

@: not resistant to hostile enchantments, fairly stealthy
A: mutation resistance 1
a: Stomp, Renounce Religion, Evoke Flight


You were on level 4 of the Dungeon.
You worshipped Ukayaw.
Ukayaw was aware of your devotion.
You were hungry.

You visited 1 branch of the dungeon, and saw 4 of its levels.

You collected 239 gold pieces.

Inventory:

Hand Weapons
 b - a +0 blowgun (weapon)
 l - a +4 dagger
Missiles
 e - 5 poisoned needles (quivered)
 f - 2 curare-tipped needles
Armour
 d - a +0 cloak (worn)
 t - a +0 leather armour of fire resistance (worn)
 z - a +2 helmet (worn)
Jewellery
 a - an uncursed ring of fire
 y - a ring of flight (left hand)
Wands
 A - a wand of slowing (16/48)
Scrolls
 h - 2 scrolls of enchant weapon {unknown}
 i - 2 scrolls of teleportation {unknown}
 j - 3 scrolls of identify {unknown}
 p - a scroll of enchant armour {unknown}
 q - a scroll of noise {unknown}
 r - a scroll of magic mapping {unknown}
 s - 2 scrolls of remove curse {unknown}
 x - a scroll of random uselessness {unknown}
 C - a scroll of recharging {unknown}
Potions
 m - a potion of agility {unknown}
 o - a potion of magic {unknown}
 v - 3 potions of lignification {unknown}
 w - a potion of berserk rage {unknown}
 B - a potion of degeneration {unknown}
Comestibles
 c - a chunk of flesh
 g - 4 bread rations
 k - 2 slices of pizza
 n - 9 fruits
 u - 3 meat rations


   Skills:
 + Level 3.4 Fighting
 + Level 4.3 Short Blades
 + Level 3.8 Throwing
 + Level 3.2 Armour
 + Level 3.2 Dodging
 + Level 5.4 Stealth
 + Level 2.1 Invocations


You had 5 spell levels left.
You knew the following spells:

 Your Spells              Type           Power        Failure   Level  Hunger
e - Apportation           Tloc           #.........   50%         1    ##.....


Dungeon Overview and Level Annotations

Branches:
Dungeon (4/15)             Temple (0/1) D:4

Altars:
Elyvilon
Gozag
Kikubaaqudgha
Makhleb
Qazlal
Sif Muna
Trog
Ukayaw
Vehumet


Innate Abilities, Weirdness & Mutations

You are small and have problems with some larger weapons.
You are somewhat resistant to further mutation.


Message History

Press: ? - help, Shift-Dir - straight line, f - iguana
Aim: an iguana You shoot a poisoned needle.
The poisoned needle closely misses the iguana.
Firing (i - inventory. (,) - cycle):
e - 7 poisoned needles (quivered)
Press: ? - help, Shift-Dir - straight line, f/p - iguana
Aim: an iguana You shoot a poisoned needle.
The poisoned needle hits the iguana!
The iguana is poisoned.
You can no longer pass through a line of other dancers.
A giant gecko comes into view.
The iguana looks more healthy.
Firing (i - inventory. (,) - cycle):
e - 6 poisoned needles (quivered)
Press: ? - help, Shift-Dir - straight line, f/p - iguana
Aim: an iguana (severely wounded)
You shoot a poisoned needle. The poisoned needle hits the iguana.
The iguana is poisoned.
The iguana is severely wounded.
The iguana bites you!
You die...

.........# #.#.#. ..........#
.# #.#.#. ..........# .# ###
#.#.#. ..........+ .. ...#
#.#.#. ..........#
.##.#.#####..... ..........#
........#....<#.## ..l.......+
...... #.#####.#
..........######..#.# #.# #.##
######.#.....l@....#.#.#####.#.
#.#########...#.#......... #.#
.......#########. #.#
#######..###########. # #.#
.......<>............
########.#
.#####..).........###
.........# ##.##.##.##......
..######## #.........###....
#.# #.........[...#####


You could see an iguana.

Vanquished Creatures
  An ogre (D:4)
  A phantom (D:4)
  4 orc wizards (D:4)
  2 orc priests (D:4)
  Jessica (D:3)
  Ijyb (D:2)
  Natasha (thrice) (D:2)
  A worker ant (D:4)
  3 adders
  2 worms
  3 dart slugs (D:1)
  3 giant geckos (D:1)
  4 orcs (D:4)
  8 bats
  4 giant cockroaches
  8 hobgoblins
  2 giant newts
  7 goblins
  2 jackal skeletons (D:4)
  5 kobolds
  6 rats
71 creatures vanquished.

Notes
Turn   | Place    | Note
--------------------------------------------------------------
     0 | D:1      | namelastname112 the Halfling Assassin began the quest for the Orb.
     0 | D:1      | Reached XP level 1. HP: 14/14 MP: 1/1
     0 | D:1      | namelastname112: ненавижу халфлингов
    42 | D:1      | Reached XP level 2. HP: 14/19 MP: 2/2
    48 | D:1      | Reached skill level 1 in Armour
   354 | D:1      | epen: слыш
   359 | D:1      | epen: ты охуел?
   374 | D:1      | namelastname112: че
   388 | D:1      | epen: какие +4 дагеры
   402 | D:1      | Reached XP level 3. HP: 14/24 MP: 3/3
   883 | D:2      | Noticed Natasha
   897 | D:2      | Killed Natasha
   897 | D:2      | Reached XP level 4. HP: 24/29 MP: 4/4
   947 | D:2      | Noticed Ijyb
   959 | D:2      | Killed Ijyb
   983 | D:2      | Reached XP level 5. HP: 21/35 MP: 5/5
  1179 | D:2      | epen: хорошо табается?
  1205 | D:2      | namelastname112: не
  1205 | D:2      | namelastname112: не оч
  1308 | D:2      | Found an opulent altar of Gozag.
  1376 | D:2      | Noticed Natasha
  1630 | D:2      | Killed Natasha
  1687 | D:2      | Noticed Natasha
  1693 | D:2      | Reached skill level 5 in Stealth
  1700 | D:2      | Killed Natasha
  1875 | D:3      | Noticed Jessica
  1883 | D:3      | Killed Jessica
  1883 | D:3      | Reached XP level 6. HP: 41/41 MP: 6/6
  1919 | D:3      | epen: выебал бы джесику?
  1991 | D:3      | Found a burning altar of Makhleb.
  1991 | D:3      | Found a hide-covered altar to Ukayaw.
  1995 | D:3      | Became a worshipper of Ukayaw the Reveler
  1996 | D:3      | namelastname112: только если в пукич
  1996 | D:3      | namelastname112: смотри короче
  1996 | D:3      | namelastname112: вот танцор
  1996 | D:3      | namelastname112: у него пити оче быстро дропается
  1996 | D:3      | namelastname112: и набирается, когда ты делаешь дамаг
  1996 | D:3      | namelastname112: типа ТАНЕЦ БИТВЫ
  1996 | D:3      | namelastname112: первая абила делает дамаг всем, кто рядом
  1996 | D:3      | namelastname112: вторая абила это ты через линию мобов проходишь
  1996 | D:3      | namelastname112: и конфузишь их
  1996 | D:3      | namelastname112: с шансом
  1996 | D:3      | namelastname112: третья это инстакилл
  1996 | D:3      | namelastname112: а еще на *** он всех парализует на пару ходов
  1996 | D:3      | namelastname112: а на **** все мобы делятся дамагом
  2098 | D:3      | Found a stormy altar of Qazlal.
  2103 | D:3      | epen: всмысле делятся?
  2164 | D:3      | namelastname112: ну бьешь одного
  2164 | D:3      | namelastname112: а дамаг по всем
  2174 | D:3      | Found a deep blue altar of Sif Muna.
  2175 | D:3      | Found an ancient bone altar of Kikubaaqudgha.
  2176 | D:3      | Found a radiant altar of Vehumet.
  2181 | D:3      | Identified Sif Muna's Catalogue of Dislocation
  2201 | D:3      | Learned a level 1 spell: Apportation
  2344 | D:3      | Reached * piety under Ukayaw
  2574 | D:4      | Found a staircase to the Ecumenical Temple.
  2585 | D:4      | Reached ** piety under Ukayaw
  2588 | D:4      | Reached *** piety under Ukayaw
  2591 | D:4      | Reached **** piety under Ukayaw
  2895 | D:4      | Reached skill level 1 in Invocations
  3107 | D:4      | HP: 2/42 [orc wizard/dagger (2)]
  3118 | D:4      | Reached XP level 7. HP: 7/46 MP: 3/8
  3383 | D:4      | Found a white marble altar of Elyvilon.
  3494 | D:4      | Found a bloodstained altar of Trog.
  3540 | D:4      | Slain by an iguana

Vault maps used:
D:1:      dpeg_arrival_solitude, minmay_misc_feat_roman, minmay_box_of_dots
D:2:      lemuel_crystal_altar, first_bread, minmay_unequal, uniq_iyjb,
          uniq_natasha
D:3:      grunt_temple_overflow_magic_moments, gammafunk_temple_overflow_wave,
          nicolae_qazlal_general_emergency, uniq_jessica
D:4:      elyvilon_altar_1, old_standard_altar, minmay_temple_entry_large_hall,
          serial_shops, nicolae_shop_crystal, nicolae_ru_path_of_blood

Skill      XL: |  1  2  3  4  5  6  7 |
---------------+----------------------+-----
Fighting       | 2 3 |  3.4
Armour         | 1 2 3 |  3.2
Short Blades   | 3 4 |  4.3
Dodging        | 2 3 |  3.2
Stealth        | 5 |  5.4
Throwing       | 3 |  3.8
Invocations    | 1 2 |  2.1

Action                   |  1- 3 |  4- 6 |  7- 9 || total
-------------------------+-------+-------+-------++-------
Melee: Dagger            |    71 |   123 |    36 ||   230
 Fire: Blowgun           |       |       |     3 ||     3
Invok: Stomp             |       |     1 |     1 ||     2
  Use: Potion            |       |     3 |       ||     3
 Stab: Sleeping          |     6 |     8 |       ||    14
       Paralysed         |       |     2 |     1 ||     3
       Distracted        |       |     1 |       ||     1
  Eat: Chunk             |       |     7 |     1 ||     8
Armor: Robe              |     8 |       |       ||     8
       Leather armour    |     2 |    29 |     2 ||    33
Dodge: Dodged            |    40 |    83 |    10 ||   133
